 Dungeon Sprint DCSS version 0.30-a0-802-gb92711bcdf (webtiles) character file.

Game seed: 18396295563533151251

2600000 BigDaddyOpFi the Spry (level 15, -22/145 HPs)
             Began as a Djinni Summoner on Feb 23, 2023.
             Was a Priest of Makhleb.
             Annihilated by a bag of meat
             ... wielding a +9 war axe
              (36 damage)
             ... in the Dungeon (Sprint VIII: "Arena of Blood").
             The game lasted 00:01:01 (26 turns).

BigDaddyOpFi the Spry (Djinni Summoner)               Turns: 26, Time: 00:01:01

Health: -22/145    AC: 11    Str:  7    XL:     15   Next: 69%
Gold:   0          EV: 23    Int: 16    God:    Makhleb [***...] SH:  0 Dex: 22

rFire   x . .      SeeInvis .      - Unarmed
rCold   + + +      Faith    .    (shield currently unavailable)
rNeg    . . .      Spirit   .    (body armour currently unavailable)
rPois   ∞          Reflect  .    (helmet currently unavailable)
rElec   .          Harm     .    (cloak currently unavailable)
rCorr   .          Rampage  .    (gloves currently unavailable)
Will    +....      NoTele   +    (boots unavailable)
Stlth   ++++++                   (no amulet)
HPRegen 0.44/turn                (no ring)
MPRegen 0.00/turn                (no ring)

@: ice-form, flying
A: freezing attack, flying, boosted hp, sickness immunity, large, (fire
resistance 2), (cold vulnerability 1), float, innate caster, HP casting, extra
vitality 1
a: End Transformation, Renounce Religion, Minor Destruction, Lesser Servant of
Makhleb


You were in the Dungeon.
You worshipped Makhleb.
Makhleb was most pleased with you.
You were a creature of crystalline ice.
You visited 1 branch

Inventory:

Hand Weapons
 g - the +∞ Axe of Woe (melded)
   (You found it in the Dungeon)
Armour
 a - a +0 robe (melded)
Potions
 b - a potion of curing
 c - a potion of heal wounds
 d - a potion of haste
 e - a potion of berserk rage


   Skills:
 + Level 15.7 Fighting
 + Level 13.4 Axes
 + Level 15.9 Armour
 + Level 17.2 Dodging
 + Level 14.6 Stealth
 + Level 15.8 Unarmed Combat
 + Level 12.8 Spellcasting
 + Level 15.8 Invocations


You knew the following spells:

 Your Spells              Type           Power      Damage    Failure   Level
a - Summon Small Mammal   Summ           100%       N/A       1%          1
b - Call Imp              Summ           51%        N/A       1%          2
c - Call Canine Familiar  Summ           51%        N/A       1%          3
d - Summon Guardian Gole  Hex/Summ       51%        N/A       1%          3
e - Summon Lightning Spi  Summ/Air       51%        N/A       1%          4
f - Slow                  Hex            100%       N/A       1%          1
g - Static Discharge      Conj/Air       100%       2-7/arc   1%          2
h - Tukima's Dance        Hex            51%        N/A       1%          3
i - Teleport Other        Tloc           51%        N/A       1%          3
j - Ice Form              Ice/Tmut       51%        N/A       1%          4
k - Borgnjor's Vile Clut  Necr/Erth      25%        N/A       1%          5
l - Dispersal             Tloc           25%        N/A       5%          6
Your spell library was empty.

Dungeon Overview and Level Annotations

Branches:
Dungeon (1/1)

Altars:
Makhleb


Innate Abilities, Weirdness & Mutations

You are a creature of crystalline ice.
You have a powerful freezing melee attack.
You are flying.
Your maximum health is increased.
Your armour is entirely melded.
You are incapable of wielding weapons or throwing items.
You are immune to sickness and miasma.
You are immune to poison.
((Your flesh is very heat resistant. (rF++)))
((You are vulnerable to cold. (rC-)))
You float through the air rather than walking.
You learn spells naturally, not from books.
Your magical power is your life essence.
You have superior vitality. (+4 MHP)


Message History

Confirm with . or Enter, or press ? or * to list all spells.
Casting: Dispersal (dangerous; 5% risk of failure)
Press: ? - help, Dir - look around, f - activate The destroyer blinks!
The destroyer disappears!
The bag of meat disappears!
The destroyer disappears!
The bag of meat disappears!
You hear a shout! x2
The meat berserker rages.
You hear a shout! x9
The destroyer points at you and mumbles some strange words.
The destroyer blinks!
You hear two shouts!
You hear a shout! x2
Unknown command.
Casting: Dispersal (dangerous; 5% risk of failure)
Confirm with . or Enter, or press ? or * to list all spells.
Casting: Dispersal (dangerous; 5% risk of failure)
Press: ? - help, Dir - look around, f - activate The destroyer disappears!
The destroyer reappears nearby!
The destroyer appears confused.
The bag of meat disappears! x3
The meat berserker rages.
You hear a shout! x5
The meat berserker rages.
You hear a shout! x4
A meat berserker comes into view. It is wielding a +9 battleaxe.
You hear a shout! x3
Unknown command.
The destroyer appears out of thin air!
A destroyer comes into view. It is wielding a +9 heavy great sword.
You hear a shout! x6
A bag of meat comes into view. It is wielding a +9 war axe.
You hear a shout! x2
The destroyer points at you and mumbles some strange words.
The destroyer blinks!
The meat berserker seems less confused.
You hear a shout! x3
The meat berserker hits you with a +9 battleaxe!!
* * * LOW HITPOINT WARNING * * *
You hear a shout!
A bag of meat comes into view. It is wielding a +9 war axe.
The bag of meat hits you with a +9 war axe!!!
You die...

#.. ...# ..
...o###.§. ...###...
.........###.V......
.#oO......_.........
....oo.#..)))#
..oo...#_.<._#
.....OO#...V)#.
.#....§O.._.....
......oYo###......
....###Oo.....###.O
. #o.V....# .
#.......#


oo....... ......... ......... .......... You could see 3 destroyers, 5 meat
berserkers and 12 bags of meat.

Vanquished Creatures
  2 ogres (D)
  6 orcs (D)
8 creatures vanquished.

Notes
Turn   | Place    | Note
-------+----------+-------------------------------------------
     0 | D        | Found the +∞ Axe of Woe
     0 | D        | BigDaddyOpFi the Djinni Summoner began the quest for the
                  | Orb.
     0 | D        | BigDaddyOpFi set off with the following spells memorised:
                  | Summon Small Mammal, Call Imp, Call Canine Familiar, Summon
                  | Guardian Golem, Summon Lightning Spire.
     0 | D        | Reached XP level 1. HP: 15/15 MP: 0/0
     2 | D        | Noticed a bag of meat
     3 | D        | Noticed a bag of meat
     3 | D        | Noticed a bag of meat
     4 | D        | Became a worshipper of Makhleb the Destroyer
     4 | D        | Noticed a bag of meat
     4 | D        | Noticed a bag of meat
     5 | D        | Noticed a bag of meat
     7 | D        | Killed a bag of meat
     7 | D        | Killed a bag of meat
     7 | D        | Reached * piety under Makhleb
     7 | D        | Noticed a meat berserker
     7 | D        | Noticed a meat berserker
     8 | D        | Reached skill level 10 in Fighting
     8 | D        | Reached skill level 12 in Dodging
     8 | D        | Reached skill level 10 in Stealth
     8 | D        | Reached skill level 10 in Unarmed Combat
     8 | D        | Reached skill level 10 in Invocations
     8 | D        | Reached XP level 2. HP: 36/36 MP: 0/0
     8 | D        | Reached XP level 3. HP: 41/41 MP: 0/0
     8 | D        | Learned a level 1 spell: Slow
     8 | D        | Reached XP level 4. HP: 48/48 MP: 0/0
     8 | D        | Reached XP level 5. HP: 52/52 MP: 0/0
     8 | D        | Learned a level 2 spell: Static Discharge
     8 | D        | Reached XP level 6. HP: 58/58 MP: 0/0
     8 | D        | Reached XP level 7. HP: 64/64 MP: 0/0
     8 | D        | Learned a level 3 spell: Tukima's Dance
     8 | D        | Reached XP level 8. HP: 70/70 MP: 0/0
     8 | D        | Reached XP level 9. HP: 75/75 MP: 0/0
     8 | D        | Learned a level 3 spell: Teleport Other
     8 | D        | Reached XP level 10. HP: 81/81 MP: 0/0
     8 | D        | Reached XP level 11. HP: 86/86 MP: 0/0
     8 | D        | Learned a level 4 spell: Ice Form
     8 | D        | Reached XP level 12. HP: 93/93 MP: 0/0
     9 | D        | Killed a bag of meat
     9 | D        | Killed a bag of meat
    10 | D        | Reached skill level 10 in Axes
    10 | D        | Reached skill level 13 in Dodging
    10 | D        | Reached skill level 10 in Spellcasting
    10 | D        | Reached XP level 13. HP: 63/102 MP: 0/0
    10 | D        | Learned a level 5 spell: Borgnjor's Vile Clutch
    10 | D        | Killed a bag of meat
    10 | D        | Reached ** piety under Makhleb
    10 | D        | Killed a meat berserker
    10 | D        | Noticed a bag of meat
    10 | D        | Noticed a bag of meat
    11 | D        | Reached skill level 15 in Dodging
    11 | D        | Reached XP level 14. HP: 75/112 MP: 0/0
    11 | D        | Killed a bag of meat
    11 | D        | Killed a meat berserker
    11 | D        | Reached *** piety under Makhleb
    11 | D        | Noticed a meat berserker
    12 | D        | Reached skill level 15 in Fighting
    12 | D        | Reached skill level 15 in Armour
    12 | D        | Reached skill level 17 in Dodging
    12 | D        | Reached skill level 15 in Unarmed Combat
    12 | D        | Reached skill level 15 in Invocations
    12 | D        | Reached XP level 15. HP: 121/121 MP: 0/0
    12 | D        | Learned a level 6 spell: Dispersal
    17 | D        | Noticed a meat berserker
    17 | D        | Noticed a meat berserker
    17 | D        | Noticed a destroyer
    18 | D        | Noticed a destroyer
    18 | D        | Noticed a meat berserker
    20 | D        | Noticed a meat berserker
    21 | D        | Noticed a meat berserker
    22 | D        | Noticed a destroyer
    22 | D        | Noticed a meat berserker
    24 | D        | Noticed a meat berserker
    26 | D        | Noticed a destroyer
    26 | D        | Annihilated by a bag of meat

Illustrated notes

Levels and vault maps discovered:
D:        meatsprint

Skill      XL: |  1  2  3  4  5  6  7  8  9 10 11 12 13 14 |
---------------+-------------------------------------------+-----
Fighting       | 10 12 14 15 | 15.7
Axes           | 9 10 12 13 | 13.4
Armour         | 11 12 14 15 | 15.9
Dodging        | 12 13 15 17 | 17.2
Stealth        | 10 11 13 14 | 14.6
Unarmed Combat | 10 12 14 15 | 15.8
Spellcasting   | 9 10 11 12 | 12.8
Invocations    | 10 12 14 15 | 15.8

Action                     |  1- 3 |  4- 6 |  7- 9 | 10-12 | 13-15 || total
---------------------------+-------+-------+-------+-------+-------++-------
  Melee: Executioner's axe |     1 |       |       |     1 |     2 ||     4
         Unarmed           |       |       |       |       |     2 ||     2
   Cast: Dispersal         |       |       |       |       |     3 ||     3
         Ice Form          |       |       |       |       |     1 ||     1
    Use: Scroll            |       |       |       |       |     1 ||     1
  Dodge: Dodged            |       |       |       |       |     1 ||     1

Table legend: (Time is in decaauts)
 A = Elapsed time spent in this place.
 B = Non-inter-level travel time spent in this place.
 C = Inter-level travel time spent in this place.
 D = Time resting spent in this place.
 E = Time spent auto-exploring this place.
 F = Levels seen in this place.
 G = Mean time per level.
                   A        B        C        D        E       F      G
               +--------+--------+--------+--------+--------+-----+--------+
         Total |     26 |     26 |      0 |      0 |      0 |   1 |   26.0 |
       Dungeon |     26 |     26 |      0 |      0 |      0 |   1 |   26.0 |
               +--------+--------+--------+--------+--------+-----+--------+

Top non-repeatable levels by time:
       D: 26 daAuts
